%YAML 1.1
%TAG !u! tag:unity3d.com,2011:
--- !u!29 &1
OcclusionCullingSettings:
  m_ObjectHideFlags: 0
  serializedVersion: 2
  m_OcclusionBakeSettings:
    smallestOccluder: 5
    smallestHole: 0.25
    backfaceThreshold: 100
  m_SceneGUID: 00000000000000000000000000000000
  m_OcclusionCullingData: {fileID: 0}
--- !u!104 &2
RenderSettings:
  m_ObjectHideFlags: 0
  serializedVersion: 9
  m_Fog: 0
  m_FogColor: {r: 0.5, g: 0.5, b: 0.5, a: 1}
  m_FogMode: 3
  m_FogDensity: 0.01
  m_LinearFogStart: 0
  m_LinearFogEnd: 300
  m_AmbientSkyColor: {r: 0.212, g: 0.227, b: 0.259, a: 1}
  m_AmbientEquatorColor: {r: 0.114, g: 0.125, b: 0.133, a: 1}
  m_AmbientGroundColor: {r: 0.047, g: 0.043, b: 0.035, a: 1}
  m_AmbientIntensity: 1
  m_AmbientMode: 0
  m_SubtractiveShadowColor: {r: 0.42, g: 0.478, b: 0.627, a: 1}
  m_SkyboxMaterial: {fileID: 10304, guid: 0000000000000000f000000000000000, type: 0}
  m_HaloStrength: 0.5
  m_FlareStrength: 1
  m_FlareFadeSpeed: 3
  m_HaloTexture: {fileID: 0}
  m_SpotCookie: {fileID: 10001, guid: 0000000000000000e000000000000000, type: 0}
  m_DefaultReflectionMode: 0
  m_DefaultReflectionResolution: 128
  m_ReflectionBounces: 1
  m_ReflectionIntensity: 1
  m_CustomReflection: {fileID: 0}
  m_Sun: {fileID: 0}
  m_IndirectSpecularColor: {r: 0, g: 0, b: 0, a: 1}
  m_UseRadianceAmbientProbe: 0
--- !u!157 &3
LightmapSettings:
  m_ObjectHideFlags: 0
  serializedVersion: 11
  m_GIWorkflowMode: 1
  m_GISettings:
    serializedVersion: 2
    m_BounceScale: 1
    m_IndirectOutputScale: 1
    m_AlbedoBoost: 1
    m_EnvironmentLightingMode: 0
    m_EnableBakedLightmaps: 1
    m_EnableRealtimeLightmaps: 0
  m_LightmapEditorSettings:
    serializedVersion: 12
    m_Resolution: 2
    m_BakeResolution: 40
    m_AtlasSize: 1024
    m_AO: 0
    m_AOMaxDistance: 1
    m_CompAOExponent: 1
    m_CompAOExponentDirect: 0
    m_ExtractAmbientOcclusion: 0
    m_Padding: 2
    m_LightmapParameters: {fileID: 0}
    m_LightmapsBakeMode: 1
    m_TextureCompression: 1
    m_FinalGather: 0
    m_FinalGatherFiltering: 1
    m_FinalGatherRayCount: 256
    m_ReflectionCompression: 2
    m_MixedBakeMode: 2
    m_BakeBackend: 1
    m_PVRSampling: 1
    m_PVRDirectSampleCount: 32
    m_PVRSampleCount: 512
    m_PVRBounces: 2
    m_PVREnvironmentSampleCount: 256
    m_PVREnvironmentReferencePointCount: 2048
    m_PVRFilteringMode: 1
    m_PVRDenoiserTypeDirect: 1
    m_PVRDenoiserTypeIndirect: 1
    m_PVRDenoiserTypeAO: 1
    m_PVRFilterTypeDirect: 0
    m_PVRFilterTypeIndirect: 0
    m_PVRFilterTypeAO: 0
    m_PVREnvironmentMIS: 1
    m_PVRCulling: 1
    m_PVRFilteringGaussRadiusDirect: 1
    m_PVRFilteringGaussRadiusIndirect: 5
    m_PVRFilteringGaussRadiusAO: 2
    m_PVRFilteringAtrousPositionSigmaDirect: 0.5
    m_PVRFilteringAtrousPositionSigmaIndirect: 2
    m_PVRFilteringAtrousPositionSigmaAO: 1
    m_ExportTrainingData: 0
    m_TrainingDataDestination: TrainingData
    m_LightProbeSampleCountMultiplier: 4
  m_LightingDataAsset: {fileID: 0}
  m_UseShadowmask: 0
--- !u!196 &4
NavMeshSettings:
  serializedVersion: 2
  m_ObjectHideFlags: 0
  m_BuildSettings:
    serializedVersion: 2
    agentTypeID: 0
    agentRadius: 0.5
    agentHeight: 2
    agentSlope: 45
    agentClimb: 0.4
    ledgeDropHeight: 0
    maxJumpAcrossDistance: 0
    minRegionArea: 2
    manualCellSize: 0
    cellSize: 0.16666667
    manualTileSize: 0
    tileSize: 256
    accuratePlacement: 0
    debug:
      m_Flags: 0
  m_NavMeshData: {fileID: 0}
--- !u!1 &153672041 stripped
GameObject:
  m_CorrespondingSourceObject: {fileID: 866553045266156603, guid: 14d0498fdf35e1d42add099d1c90f1ef,
    type: 3}
  m_PrefabInstance: {fileID: 866553045150307666}
  m_PrefabAsset: {fileID: 0}
--- !u!1 &229139345
GameObject:
  m_ObjectHideFlags: 0
  m_CorrespondingSourceObject: {fileID: 0}
  m_PrefabInstance: {fileID: 0}
  m_PrefabAsset: {fileID: 0}
  serializedVersion: 6
  m_Component:
  - component: {fileID: 229139347}
  - component: {fileID: 229139346}
  m_Layer: 0
  m_Name: Directional Light
  m_TagString: Untagged
  m_Icon: {fileID: 0}
  m_NavMeshLayer: 0
  m_StaticEditorFlags: 0
  m_IsActive: 1
--- !u!108 &229139346
Light:
  m_ObjectHideFlags: 0
  m_CorrespondingSourceObject: {fileID: 0}
  m_PrefabInstance: {fileID: 0}
  m_PrefabAsset: {fileID: 0}
  m_GameObject: {fileID: 229139345}
  m_Enabled: 1
  serializedVersion: 10
  m_Type: 1
  m_Shape: 0
  m_Color: {r: 1, g: 0.95686275, b: 0.8392157, a: 1}
  m_Intensity: 1
  m_Range: 10
  m_SpotAngle: 30
  m_InnerSpotAngle: 21.80208
  m_CookieSize: 10
  m_Shadows:
    m_Type: 2
    m_Resolution: -1
    m_CustomResolution: -1
    m_Strength: 1
    m_Bias: 0.05
    m_NormalBias: 0.4
    m_NearPlane: 0.2
    m_CullingMatrixOverride:
      e00: 1
      e01: 0
      e02: 0
      e03: 0
      e10: 0
      e11: 1
      e12: 0
      e13: 0
      e20: 0
      e21: 0
      e22: 1
      e23: 0
      e30: 0
      e31: 0
      e32: 0
      e33: 1
    m_UseCullingMatrixOverride: 0
  m_Cookie: {fileID: 0}
  m_DrawHalo: 0
  m_Flare: {fileID: 0}
  m_RenderMode: 0
  m_CullingMask:
    serializedVersion: 2
    m_Bits: 4294967295
  m_RenderingLayerMask: 1
  m_Lightmapping: 4
  m_LightShadowCasterMode: 0
  m_AreaSize: {x: 1, y: 1}
  m_BounceIntensity: 1
  m_ColorTemperature: 6570
  m_UseColorTemperature: 0
  m_BoundingSphereOverride: {x: 0, y: 0, z: 0, w: 0}
  m_UseBoundingSphereOverride: 0
  m_ShadowRadius: 0
  m_ShadowAngle: 0
--- !u!4 &229139347
Transform:
  m_ObjectHideFlags: 0
  m_CorrespondingSourceObject: {fileID: 0}
  m_PrefabInstance: {fileID: 0}
  m_PrefabAsset: {fileID: 0}
  m_GameObject: {fileID: 229139345}
  m_LocalRotation: {x: 0.40821788, y: -0.23456968, z: 0.10938163, w: 0.8754261}
  m_LocalPosition: {x: 0, y: 3, z: 0}
  m_LocalScale: {x: 1, y: 1, z: 1}
  m_Children: []
  m_Father: {fileID: 0}
  m_RootOrder: 1
  m_LocalEulerAnglesHint: {x: 50, y: -30, z: 0}
--- !u!1 &339018992 stripped
GameObject:
  m_CorrespondingSourceObject: {fileID: 1579524563867927768, guid: 6aca1b19d9c23294f9648c2f30460803,
    type: 3}
  m_PrefabInstance: {fileID: 1579524563533758504}
  m_PrefabAsset: {fileID: 0}
--- !u!1001 &573963831
PrefabInstance:
  m_ObjectHideFlags: 0
  serializedVersion: 2
  m_Modification:
    m_TransformParent: {fileID: 0}
    m_Modifications:
    - target: {fileID: 7531197712519427406, guid: 2db86885d478410489c0eb86bbb28f27,
        type: 3}
      propertyPath: m_Name
      value: Overlay
      objectReference: {fileID: 0}
    - target: {fileID: 7531197712519427409, guid: 2db86885d478410489c0eb86bbb28f27,
        type: 3}
      propertyPath: m_LocalPosition.x
      value: 0
      objectReference: {fileID: 0}
    - target: {fileID: 7531197712519427409, guid: 2db86885d478410489c0eb86bbb28f27,
        type: 3}
      propertyPath: m_LocalPosition.y
      value: 0
      objectReference: {fileID: 0}
    - target: {fileID: 7531197712519427409, guid: 2db86885d478410489c0eb86bbb28f27,
        type: 3}
      propertyPath: m_LocalPosition.z
      value: 0
      objectReference: {fileID: 0}
    - target: {fileID: 7531197712519427409, guid: 2db86885d478410489c0eb86bbb28f27,
        type: 3}
      propertyPath: m_LocalRotation.x
      value: 0
      objectReference: {fileID: 0}
    - target: {fileID: 7531197712519427409, guid: 2db86885d478410489c0eb86bbb28f27,
        type: 3}
      propertyPath: m_LocalRotation.y
      value: 0
      objectReference: {fileID: 0}
    - target: {fileID: 7531197712519427409, guid: 2db86885d478410489c0eb86bbb28f27,
        type: 3}
      propertyPath: m_LocalRotation.z
      value: 0
      objectReference: {fileID: 0}
    - target: {fileID: 7531197712519427409, guid: 2db86885d478410489c0eb86bbb28f27,
        type: 3}
      propertyPath: m_LocalRotation.w
      value: 1
      objectReference: {fileID: 0}
    - target: {fileID: 7531197712519427409, guid: 2db86885d478410489c0eb86bbb28f27,
        type: 3}
      propertyPath: m_RootOrder
      value: 4
      objectReference: {fileID: 0}
    - target: {fileID: 7531197712519427409, guid: 2db86885d478410489c0eb86bbb28f27,
        type: 3}
      propertyPath: m_LocalEulerAnglesHint.x
      value: 0
      objectReference: {fileID: 0}
    - target: {fileID: 7531197712519427409, guid: 2db86885d478410489c0eb86bbb28f27,
        type: 3}
      propertyPath: m_LocalEulerAnglesHint.y
      value: 0
      objectReference: {fileID: 0}
    - target: {fileID: 7531197712519427409, guid: 2db86885d478410489c0eb86bbb28f27,
        type: 3}
      propertyPath: m_LocalEulerAnglesHint.z
      value: 0
      objectReference: {fileID: 0}
    m_RemovedComponents: []
  m_SourcePrefab: {fileID: 100100000, guid: 2db86885d478410489c0eb86bbb28f27, type: 3}
--- !u!95 &573963832 stripped
Animator:
  m_CorrespondingSourceObject: {fileID: 7531197712519427408, guid: 2db86885d478410489c0eb86bbb28f27,
    type: 3}
  m_PrefabInstance: {fileID: 573963831}
  m_PrefabAsset: {fileID: 0}
--- !u!1 &885469388
GameObject:
  m_ObjectHideFlags: 0
  m_CorrespondingSourceObject: {fileID: 0}
  m_PrefabInstance: {fileID: 0}
  m_PrefabAsset: {fileID: 0}
  serializedVersion: 6
  m_Component:
  - component: {fileID: 885469389}
  - component: {fileID: 885469391}
  - component: {fileID: 885469390}
  m_Layer: 5
  m_Name: Text
  m_TagString: Untagged
  m_Icon: {fileID: 0}
  m_NavMeshLayer: 0
  m_StaticEditorFlags: 0
  m_IsActive: 0
--- !u!224 &885469389
RectTransform:
  m_ObjectHideFlags: 0
  m_CorrespondingSourceObject: {fileID: 0}
  m_PrefabInstance: {fileID: 0}
  m_PrefabAsset: {fileID: 0}
  m_GameObject: {fileID: 885469388}
  m_LocalRotation: {x: 0, y: 0, z: 0, w: 1}
  m_LocalPosition: {x: 0, y: 0, z: 0}
  m_LocalScale: {x: 1, y: 1, z: 1}
  m_Children: []
  m_Father: {fileID: 1714486636}
  m_RootOrder: 3
  m_LocalEulerAnglesHint: {x: 0, y: 0, z: 0}
  m_AnchorMin: {x: 0.5, y: 0.5}
  m_AnchorMax: {x: 0.5, y: 0.5}
  m_AnchoredPosition: {x: 0.0000076293945, y: 235.28}
  m_SizeDelta: {x: 466.6679, y: 151.41049}
  m_Pivot: {x: 0.5, y: 0.5}
--- !u!114 &885469390
MonoBehaviour:
  m_ObjectHideFlags: 0
  m_CorrespondingSourceObject: {fileID: 0}
  m_PrefabInstance: {fileID: 0}
  m_PrefabAsset: {fileID: 0}
  m_GameObject: {fileID: 885469388}
  m_Enabled: 1
  m_EditorHideFlags: 0
  m_Script: {fileID: 11500000, guid: 5f7201a12d95ffc409449d95f23cf332, type: 3}
  m_Name: 
  m_EditorClassIdentifier: 
  m_Material: {fileID: 0}
  m_Color: {r: 1, g: 1, b: 1, a: 1}
  m_RaycastTarget: 1
  m_Maskable: 1
  m_OnCullStateChanged:
    m_PersistentCalls:
      m_Calls: []
  m_FontData:
    m_Font: {fileID: 10102, guid: 0000000000000000e000000000000000, type: 0}
    m_FontSize: 70
    m_FontStyle: 0
    m_BestFit: 0
    m_MinSize: 3
    m_MaxSize: 78
    m_Alignment: 0
    m_AlignByGeometry: 0
    m_RichText: 1
    m_HorizontalOverflow: 0
    m_VerticalOverflow: 0
    m_LineSpacing: 1
  m_Text: Between Lines
--- !u!222 &885469391
CanvasRenderer:
  m_ObjectHideFlags: 0
  m_CorrespondingSourceObject: {fileID: 0}
  m_PrefabInstance: {fileID: 0}
  m_PrefabAsset: {fileID: 0}
  m_GameObject: {fileID: 885469388}
  m_CullTransparentMesh: 0
--- !u!1 &887906471
GameObject:
  m_ObjectHideFlags: 0
  m_CorrespondingSourceObject: {fileID: 0}
  m_PrefabInstance: {fileID: 0}
  m_PrefabAsset: {fileID: 0}
  serializedVersion: 6
  m_Component:
  - component: {fileID: 887906472}
  - component: {fileID: 887906474}
  - component: {fileID: 887906473}
  m_Layer: 5
  m_Name: Panel
  m_TagString: Untagged
  m_Icon: {fileID: 0}
  m_NavMeshLayer: 0
  m_StaticEditorFlags: 0
  m_IsActive: 1
--- !u!224 &887906472
RectTransform:
  m_ObjectHideFlags: 0
  m_CorrespondingSourceObject: {fileID: 0}
  m_PrefabInstance: {fileID: 0}
  m_PrefabAsset: {fileID: 0}
  m_GameObject: {fileID: 887906471}
  m_LocalRotation: {x: 0, y: 0, z: 0, w: 1}
  m_LocalPosition: {x: 0, y: 0, z: 0}
  m_LocalScale: {x: 1, y: 1, z: 1}
  m_Children: []
  m_Father: {fileID: 1714486636}
  m_RootOrder: 0
  m_LocalEulerAnglesHint: {x: 0, y: 0, z: 0}
  m_AnchorMin: {x: 0, y: 0}
  m_AnchorMax: {x: 1, y: 1}
  m_AnchoredPosition: {x: 0, y: 0}
  m_SizeDelta: {x: 0, y: 0}
  m_Pivot: {x: 0.5, y: 0.5}
--- !u!114 &887906473
MonoBehaviour:
  m_ObjectHideFlags: 0
  m_CorrespondingSourceObject: {fileID: 0}
  m_PrefabInstance: {fileID: 0}
  m_PrefabAsset: {fileID: 0}
  m_GameObject: {fileID: 887906471}
  m_Enabled: 1
  m_EditorHideFlags: 0
  m_Script: {fileID: 11500000, guid: fe87c0e1cc204ed48ad3b37840f39efc, type: 3}
  m_Name: 
  m_EditorClassIdentifier: 
  m_Material: {fileID: 0}
  m_Color: {r: 0.05513528, g: 0.1981132, b: 0.17076246, a: 1}
  m_RaycastTarget: 1
  m_Maskable: 1
  m_OnCullStateChanged:
    m_PersistentCalls:
      m_Calls: []
  m_Sprite: {fileID: 0}
  m_Type: 1
  m_PreserveAspect: 0
  m_FillCenter: 1
  m_FillMethod: 4
  m_FillAmount: 1
  m_FillClockwise: 1
  m_FillOrigin: 0
  m_UseSpriteMesh: 0
  m_PixelsPerUnitMultiplier: 1
--- !u!222 &887906474
CanvasRenderer:
  m_ObjectHideFlags: 0
  m_CorrespondingSourceObject: {fileID: 0}
  m_PrefabInstance: {fileID: 0}
  m_PrefabAsset: {fileID: 0}
  m_GameObject: {fileID: 887906471}
  m_CullTransparentMesh: 0
--- !u!1001 &897803240
PrefabInstance:
  m_ObjectHideFlags: 0
  serializedVersion: 2
  m_Modification:
    m_TransformParent: {fileID: 0}
    m_Modifications:
    - target: {fileID: 2327869810426571975, guid: e26c556503cc5f146a8d7f456e463f01,
        type: 3}
      propertyPath: m_Name
      value: MenuManager
      objectReference: {fileID: 0}
    - target: {fileID: 2544168219550162670, guid: e26c556503cc5f146a8d7f456e463f01,
        type: 3}
      propertyPath: m_LocalPosition.x
      value: -11.251667
      objectReference: {fileID: 0}
    - target: {fileID: 2544168219550162670, guid: e26c556503cc5f146a8d7f456e463f01,
        type: 3}
      propertyPath: m_LocalPosition.y
      value: 2.7846968
      objectReference: {fileID: 0}
    - target: {fileID: 2544168219550162670, guid: e26c556503cc5f146a8d7f456e463f01,
        type: 3}
      propertyPath: m_LocalPosition.z
      value: -56.29869
      objectReference: {fileID: 0}
    - target: {fileID: 2544168219550162670, guid: e26c556503cc5f146a8d7f456e463f01,
        type: 3}
      propertyPath: m_LocalRotation.x
      value: 0
      objectReference: {fileID: 0}
    - target: {fileID: 2544168219550162670, guid: e26c556503cc5f146a8d7f456e463f01,
        type: 3}
      propertyPath: m_LocalRotation.y
      value: 0
      objectReference: {fileID: 0}
    - target: {fileID: 2544168219550162670, guid: e26c556503cc5f146a8d7f456e463f01,
        type: 3}
      propertyPath: m_LocalRotation.z
      value: 0
      objectReference: {fileID: 0}
    - target: {fileID: 2544168219550162670, guid: e26c556503cc5f146a8d7f456e463f01,
        type: 3}
      propertyPath: m_LocalRotation.w
      value: 1
      objectReference: {fileID: 0}
    - target: {fileID: 2544168219550162670, guid: e26c556503cc5f146a8d7f456e463f01,
        type: 3}
      propertyPath: m_RootOrder
      value: 3
      objectReference: {fileID: 0}
    - target: {fileID: 2544168219550162670, guid: e26c556503cc5f146a8d7f456e463f01,
        type: 3}
      propertyPath: m_LocalEulerAnglesHint.x
      value: 0
      objectReference: {fileID: 0}
    - target: {fileID: 2544168219550162670, guid: e26c556503cc5f146a8d7f456e463f01,
        type: 3}
      propertyPath: m_LocalEulerAnglesHint.y
      value: 0
      objectReference: {fileID: 0}
    - target: {fileID: 2544168219550162670, guid: e26c556503cc5f146a8d7f456e463f01,
        type: 3}
      propertyPath: m_LocalEulerAnglesHint.z
      value: 0
      objectReference: {fileID: 0}
    - target: {fileID: 5563643295939061676, guid: e26c556503cc5f146a8d7f456e463f01,
        type: 3}
      propertyPath: mainPlayButton
      value: 
      objectReference: {fileID: 153672041}
    - target: {fileID: 5563643295939061676, guid: e26c556503cc5f146a8d7f456e463f01,
        type: 3}
      propertyPath: backButton
      value: 
      objectReference: {fileID: 339018992}
    - target: {fileID: 5563643295939061676, guid: e26c556503cc5f146a8d7f456e463f01,
        type: 3}
      propertyPath: transition
      value: 
      objectReference: {fileID: 573963832}
    - target: {fileID: 5563643295939061676, guid: e26c556503cc5f146a8d7f456e463f01,
        type: 3}
      propertyPath: pauseBackButton
      value: 
      objectReference: {fileID: 1038942144}
    - target: {fileID: 5563643295939061676, guid: e26c556503cc5f146a8d7f456e463f01,
        type: 3}
      propertyPath: playButton
      value: 
      objectReference: {fileID: 153672041}
    m_RemovedComponents: []
  m_SourcePrefab: {fileID: 100100000, guid: e26c556503cc5f146a8d7f456e463f01, type: 3}
--- !u!114 &897803241 stripped
MonoBehaviour:
  m_CorrespondingSourceObject: {fileID: 5563643295939061676, guid: e26c556503cc5f146a8d7f456e463f01,
    type: 3}
  m_PrefabInstance: {fileID: 897803240}
  m_PrefabAsset: {fileID: 0}
  m_GameObject: {fileID: 0}
  m_Enabled: 1
  m_EditorHideFlags: 0
  m_Script: {fileID: 11500000, guid: f2141c80b059ca34e97c52b9eaf665f3, type: 3}
  m_Name: 
  m_EditorClassIdentifier: 
--- !u!1 &932699445
GameObject:
  m_ObjectHideFlags: 0
  m_CorrespondingSourceObject: {fileID: 0}
  m_PrefabInstance: {fileID: 0}
  m_PrefabAsset: {fileID: 0}
  serializedVersion: 6
  m_Component:
  - component: {fileID: 932699446}
  - component: {fileID: 932699448}
  - component: {fileID: 932699447}
  m_Layer: 5
  m_Name: Image
  m_TagString: Untagged
  m_Icon: {fileID: 0}
  m_NavMeshLayer: 0
  m_StaticEditorFlags: 0
  m_IsActive: 1
--- !u!224 &932699446
RectTransform:
  m_ObjectHideFlags: 0
  m_CorrespondingSourceObject: {fileID: 0}
  m_PrefabInstance: {fileID: 0}
  m_PrefabAsset: {fileID: 0}
  m_GameObject: {fileID: 932699445}
  m_LocalRotation: {x: 0, y: 0, z: 0, w: 1}
  m_LocalPosition: {x: 0, y: 0, z: 0}
  m_LocalScale: {x: 1, y: 1, z: 1}
  m_Children: []
  m_Father: {fileID: 1714486636}
  m_RootOrder: 4
  m_LocalEulerAnglesHint: {x: 0, y: 0, z: 0}
  m_AnchorMin: {x: 0.5, y: 0.5}
  m_AnchorMax: {x: 0.5, y: 0.5}
  m_AnchoredPosition: {x: 0.000015259, y: 218.69}
  m_SizeDelta: {x: 421.69885, y: 191.6235}
  m_Pivot: {x: 0.5, y: 0.5}
--- !u!114 &932699447
MonoBehaviour:
  m_ObjectHideFlags: 0
  m_CorrespondingSourceObject: {fileID: 0}
  m_PrefabInstance: {fileID: 0}
  m_PrefabAsset: {fileID: 0}
  m_GameObject: {fileID: 932699445}
  m_Enabled: 1
  m_EditorHideFlags: 0
  m_Script: {fileID: 11500000, guid: fe87c0e1cc204ed48ad3b37840f39efc, type: 3}
  m_Name: 
  m_EditorClassIdentifier: 
  m_Material: {fileID: 0}
  m_Color: {r: 1, g: 1, b: 1, a: 1}
  m_RaycastTarget: 1
  m_Maskable: 1
  m_OnCullStateChanged:
    m_PersistentCalls:
      m_Calls: []
  m_Sprite: {fileID: 21300000, guid: 23194ea25a995ce4fa8b4296db8b1f95, type: 3}
  m_Type: 0
  m_PreserveAspect: 0
  m_FillCenter: 1
  m_FillMethod: 4
  m_FillAmount: 1
  m_FillClockwise: 1
  m_FillOrigin: 0
  m_UseSpriteMesh: 0
  m_PixelsPerUnitMultiplier: 1
--- !u!222 &932699448
CanvasRenderer:
  m_ObjectHideFlags: 0
  m_CorrespondingSourceObject: {fileID: 0}
  m_PrefabInstance: {fileID: 0}
  m_PrefabAsset: {fileID: 0}
  m_GameObject: {fileID: 932699445}
  m_CullTransparentMesh: 0
--- !u!1001 &1038942143
PrefabInstance:
  m_ObjectHideFlags: 0
  serializedVersion: 2
  m_Modification:
    m_TransformParent: {fileID: 0}
    m_Modifications:
    - target: {fileID: 4171866074350720959, guid: 06f6bc8e3bc2edc40902960b16c29dd8,
        type: 3}
      propertyPath: m_Name
      value: PauseMenu
      objectReference: {fileID: 0}
    - target: {fileID: 4171866074350720959, guid: 06f6bc8e3bc2edc40902960b16c29dd8,
        type: 3}
      propertyPath: m_IsActive
      value: 0
      objectReference: {fileID: 0}
    - target: {fileID: 5258168397631308943, guid: 06f6bc8e3bc2edc40902960b16c29dd8,
        type: 3}
      propertyPath: m_LocalPosition.z
      value: 0
      objectReference: {fileID: 0}
    - target: {fileID: 7649943170613816567, guid: 06f6bc8e3bc2edc40902960b16c29dd8,
        type: 3}
      propertyPath: m_LocalPosition.x
      value: 8.775822
      objectReference: {fileID: 0}
    - target: {fileID: 7649943170613816567, guid: 06f6bc8e3bc2edc40902960b16c29dd8,
        type: 3}
      propertyPath: m_LocalPosition.y
      value: -7.32732
      objectReference: {fileID: 0}
    - target: {fileID: 7649943170613816567, guid: 06f6bc8e3bc2edc40902960b16c29dd8,
        type: 3}
      propertyPath: m_LocalPosition.z
      value: -76.48349
      objectReference: {fileID: 0}
    - target: {fileID: 7649943170613816567, guid: 06f6bc8e3bc2edc40902960b16c29dd8,
        type: 3}
      propertyPath: m_LocalRotation.x
      value: 0
      objectReference: {fileID: 0}
    - target: {fileID: 7649943170613816567, guid: 06f6bc8e3bc2edc40902960b16c29dd8,
        type: 3}
      propertyPath: m_LocalRotation.y
      value: 0
      objectReference: {fileID: 0}
    - target: {fileID: 7649943170613816567, guid: 06f6bc8e3bc2edc40902960b16c29dd8,
        type: 3}
      propertyPath: m_LocalRotation.z
      value: 0
      objectReference: {fileID: 0}
    - target: {fileID: 7649943170613816567, guid: 06f6bc8e3bc2edc40902960b16c29dd8,
        type: 3}
      propertyPath: m_LocalRotation.w
      value: 1
      objectReference: {fileID: 0}
    - target: {fileID: 7649943170613816567, guid: 06f6bc8e3bc2edc40902960b16c29dd8,
        type: 3}
      propertyPath: m_RootOrder
      value: 5
      objectReference: {fileID: 0}
    - target: {fileID: 7649943170613816567, guid: 06f6bc8e3bc2edc40902960b16c29dd8,
        type: 3}
      propertyPath: m_LocalEulerAnglesHint.x
      value: 0
      objectReference: {fileID: 0}
    - target: {fileID: 7649943170613816567, guid: 06f6bc8e3bc2edc40902960b16c29dd8,
        type: 3}
      propertyPath: m_LocalEulerAnglesHint.y
      value: 0
      objectReference: {fileID: 0}
    - target: {fileID: 7649943170613816567, guid: 06f6bc8e3bc2edc40902960b16c29dd8,
        type: 3}
      propertyPath: m_LocalEulerAnglesHint.z
      value: 0
      objectReference: {fileID: 0}
    m_RemovedComponents: []
  m_SourcePrefab: {fileID: 100100000, guid: 06f6bc8e3bc2edc40902960b16c29dd8, type: 3}
--- !u!1 &1038942144 stripped
GameObject:
  m_CorrespondingSourceObject: {fileID: 4171866074350720959, guid: 06f6bc8e3bc2edc40902960b16c29dd8,
    type: 3}
  m_PrefabInstance: {fileID: 1038942143}
  m_PrefabAsset: {fileID: 0}
--- !u!1 &1065030232
GameObject:
  m_ObjectHideFlags: 0
  m_CorrespondingSourceObject: {fileID: 0}
  m_PrefabInstance: {fileID: 0}
  m_PrefabAsset: {fileID: 0}
  serializedVersion: 6
  m_Component:
  - component: {fileID: 1065030235}
  - component: {fileID: 1065030234}
  - component: {fileID: 1065030233}
  - component: {fileID: 1065030236}
  m_Layer: 0
  m_Name: Main Camera
  m_TagString: MainCamera
  m_Icon: {fileID: 0}
  m_NavMeshLayer: 0
  m_StaticEditorFlags: 0
  m_IsActive: 1
--- !u!81 &1065030233
AudioListener:
  m_ObjectHideFlags: 0
  m_CorrespondingSourceObject: {fileID: 0}
  m_PrefabInstance: {fileID: 0}
  m_PrefabAsset: {fileID: 0}
  m_GameObject: {fileID: 1065030232}
  m_Enabled: 1
--- !u!20 &1065030234
Camera:
  m_ObjectHideFlags: 0
  m_CorrespondingSourceObject: {fileID: 0}
  m_PrefabInstance: {fileID: 0}
  m_PrefabAsset: {fileID: 0}
  m_GameObject: {fileID: 1065030232}
  m_Enabled: 1
  serializedVersion: 2
  m_ClearFlags: 1
  m_BackGroundColor: {r: 0.19215687, g: 0.3019608, b: 0.4745098, a: 0}
  m_projectionMatrixMode: 1
  m_GateFitMode: 2
  m_FOVAxisMode: 0
  m_SensorSize: {x: 36, y: 24}
  m_LensShift: {x: 0, y: 0}
  m_FocalLength: 50
  m_NormalizedViewPortRect:
    serializedVersion: 2
    x: 0
    y: 0
    width: 1
    height: 1
  near clip plane: 0.3
  far clip plane: 1000
  field of view: 60
  orthographic: 0
  orthographic size: 5
  m_Depth: -1
  m_CullingMask:
    serializedVersion: 2
    m_Bits: 4294967295
  m_RenderingPath: -1
  m_TargetTexture: {fileID: 0}
  m_TargetDisplay: 0
  m_TargetEye: 3
  m_HDR: 1
  m_AllowMSAA: 1
  m_AllowDynamicResolution: 0
  m_ForceIntoRT: 0
  m_OcclusionCulling: 1
  m_StereoConvergence: 10
  m_StereoSeparation: 0.022
--- !u!4 &1065030235
Transform:
  m_ObjectHideFlags: 0
  m_CorrespondingSourceObject: {fileID: 0}
  m_PrefabInstance: {fileID: 0}
  m_PrefabAsset: {fileID: 0}
  m_GameObject: {fileID: 1065030232}
  m_LocalRotation: {x: 0, y: 0, z: 0, w: 1}
  m_LocalPosition: {x: 0, y: 1, z: -10}
  m_LocalScale: {x: 1, y: 1, z: 1}
  m_Children: []
  m_Father: {fileID: 0}
  m_RootOrder: 0
  m_LocalEulerAnglesHint: {x: 0, y: 0, z: 0}
--- !u!114 &1065030236
MonoBehaviour:
  m_ObjectHideFlags: 0
  m_CorrespondingSourceObject: {fileID: 0}
  m_PrefabInstance: {fileID: 0}
  m_PrefabAsset: {fileID: 0}
  m_GameObject: {fileID: 1065030232}
  m_Enabled: 1
  m_EditorHideFlags: 0
  m_Script: {fileID: 11500000, guid: a79441f348de89743a2939f4d699eac1, type: 3}
  m_Name: 
  m_EditorClassIdentifier: 
  m_RenderShadows: 1
  m_RequiresDepthTextureOption: 2
  m_RequiresOpaqueTextureOption: 2
  m_CameraType: 0
  m_Cameras: []
  m_RendererIndex: -1
  m_VolumeLayerMask:
    serializedVersion: 2
    m_Bits: 1
  m_VolumeTrigger: {fileID: 0}
  m_RenderPostProcessing: 0
  m_Antialiasing: 0
  m_AntialiasingQuality: 2
  m_StopNaN: 0
  m_Dithering: 0
  m_ClearDepth: 1
  m_RequiresDepthTexture: 0
  m_RequiresColorTexture: 0
  m_Version: 2
--- !u!1 &1087822320 stripped
GameObject:
  m_CorrespondingSourceObject: {fileID: 1579524562464922072, guid: 6aca1b19d9c23294f9648c2f30460803,
    type: 3}
  m_PrefabInstance: {fileID: 1579524563533758504}
  m_PrefabAsset: {fileID: 0}
--- !u!224 &1087822321 stripped
RectTransform:
  m_CorrespondingSourceObject: {fileID: 1579524562464922073, guid: 6aca1b19d9c23294f9648c2f30460803,
    type: 3}
  m_PrefabInstance: {fileID: 1579524563533758504}
  m_PrefabAsset: {fileID: 0}
--- !u!1 &1530420582 stripped
GameObject:
  m_CorrespondingSourceObject: {fileID: 866553044426278964, guid: 14d0498fdf35e1d42add099d1c90f1ef,
    type: 3}
  m_PrefabInstance: {fileID: 866553045150307666}
  m_PrefabAsset: {fileID: 0}
--- !u!224 &1530420583 stripped
RectTransform:
  m_CorrespondingSourceObject: {fileID: 866553044426278965, guid: 14d0498fdf35e1d42add099d1c90f1ef,
    type: 3}
  m_PrefabInstance: {fileID: 866553045150307666}
  m_PrefabAsset: {fileID: 0}
--- !u!1001 &1584715547
PrefabInstance:
  m_ObjectHideFlags: 0
  serializedVersion: 2
  m_Modification:
    m_TransformParent: {fileID: 0}
    m_Modifications:
    - target: {fileID: 7773347807325622904, guid: 619a85b629896d44bb9bd4d31a60b5f0,
        type: 3}
      propertyPath: m_LocalPosition.x
      value: 0
      objectReference: {fileID: 0}
    - target: {fileID: 7773347807325622904, guid: 619a85b629896d44bb9bd4d31a60b5f0,
        type: 3}
      propertyPath: m_LocalPosition.y
      value: 0
      objectReference: {fileID: 0}
    - target: {fileID: 7773347807325622904, guid: 619a85b629896d44bb9bd4d31a60b5f0,
        type: 3}
      propertyPath: m_LocalPosition.z
      value: 0
      objectReference: {fileID: 0}
    - target: {fileID: 7773347807325622904, guid: 619a85b629896d44bb9bd4d31a60b5f0,
        type: 3}
      propertyPath: m_LocalRotation.x
      value: 0
      objectReference: {fileID: 0}
    - target: {fileID: 7773347807325622904, guid: 619a85b629896d44bb9bd4d31a60b5f0,
        type: 3}
      propertyPath: m_LocalRotation.y
      value: 0
      objectReference: {fileID: 0}
    - target: {fileID: 7773347807325622904, guid: 619a85b629896d44bb9bd4d31a60b5f0,
        type: 3}
      propertyPath: m_LocalRotation.z
      value: 0
      objectReference: {fileID: 0}
    - target: {fileID: 7773347807325622904, guid: 619a85b629896d44bb9bd4d31a60b5f0,
        type: 3}
      propertyPath: m_LocalRotation.w
      value: 1
      objectReference: {fileID: 0}
    - target: {fileID: 7773347807325622904, guid: 619a85b629896d44bb9bd4d31a60b5f0,
        type: 3}
      propertyPath: m_RootOrder
      value: 6
      objectReference: {fileID: 0}
    - target: {fileID: 7773347807325622904, guid: 619a85b629896d44bb9bd4d31a60b5f0,
        type: 3}
      propertyPath: m_LocalEulerAnglesHint.x
      value: 0
      objectReference: {fileID: 0}
    - target: {fileID: 7773347807325622904, guid: 619a85b629896d44bb9bd4d31a60b5f0,
        type: 3}
      propertyPath: m_LocalEulerAnglesHint.y
      value: 0
      objectReference: {fileID: 0}
    - target: {fileID: 7773347807325622904, guid: 619a85b629896d44bb9bd4d31a60b5f0,
        type: 3}
      propertyPath: m_LocalEulerAnglesHint.z
      value: 0
      objectReference: {fileID: 0}
    - target: {fileID: 7773347807325622909, guid: 619a85b629896d44bb9bd4d31a60b5f0,
        type: 3}
      propertyPath: m_Name
      value: EventSystem
      objectReference: {fileID: 0}
    m_RemovedComponents: []
  m_SourcePrefab: {fileID: 100100000, guid: 619a85b629896d44bb9bd4d31a60b5f0, type: 3}
--- !u!1 &1714486632
GameObject:
  m_ObjectHideFlags: 0
  m_CorrespondingSourceObject: {fileID: 0}
  m_PrefabInstance: {fileID: 0}
  m_PrefabAsset: {fileID: 0}
  serializedVersion: 6
  m_Component:
  - component: {fileID: 1714486636}
  - component: {fileID: 1714486635}
  - component: {fileID: 1714486634}
  - component: {fileID: 1714486633}
  m_Layer: 5
  m_Name: Canvas
  m_TagString: Untagged
  m_Icon: {fileID: 0}
  m_NavMeshLayer: 0
  m_StaticEditorFlags: 0
  m_IsActive: 1
--- !u!114 &1714486633
MonoBehaviour:
  m_ObjectHideFlags: 0
  m_CorrespondingSourceObject: {fileID: 0}
  m_PrefabInstance: {fileID: 0}
  m_PrefabAsset: {fileID: 0}
  m_GameObject: {fileID: 1714486632}
  m_Enabled: 1
  m_EditorHideFlags: 0
  m_Script: {fileID: 11500000, guid: dc42784cf147c0c48a680349fa168899, type: 3}
  m_Name: 
  m_EditorClassIdentifier: 
  m_IgnoreReversedGraphics: 1
  m_BlockingObjects: 0
  m_BlockingMask:
    serializedVersion: 2
    m_Bits: 4294967295
--- !u!114 &1714486634
MonoBehaviour:
  m_ObjectHideFlags: 0
  m_CorrespondingSourceObject: {fileID: 0}
  m_PrefabInstance: {fileID: 0}
  m_PrefabAsset: {fileID: 0}
  m_GameObject: {fileID: 1714486632}
  m_Enabled: 1
  m_EditorHideFlags: 0
  m_Script: {fileID: 11500000, guid: 0cd44c1031e13a943bb63640046fad76, type: 3}
  m_Name: 
  m_EditorClassIdentifier: 
  m_UiScaleMode: 0
  m_ReferencePixelsPerUnit: 100
  m_ScaleFactor: 1
  m_ReferenceResolution: {x: 800, y: 600}
  m_ScreenMatchMode: 0
  m_MatchWidthOrHeight: 0
  m_PhysicalUnit: 3
  m_FallbackScreenDPI: 96
  m_DefaultSpriteDPI: 96
  m_DynamicPixelsPerUnit: 1
--- !u!223 &1714486635
Canvas:
  m_ObjectHideFlags: 0
  m_CorrespondingSourceObject: {fileID: 0}
  m_PrefabInstance: {fileID: 0}
  m_PrefabAsset: {fileID: 0}
  m_GameObject: {fileID: 1714486632}
  m_Enabled: 1
  serializedVersion: 3
  m_RenderMode: 0
  m_Camera: {fileID: 0}
  m_PlaneDistance: 100
  m_PixelPerfect: 0
  m_ReceivesEvents: 1
  m_OverrideSorting: 0
  m_OverridePixelPerfect: 0
  m_SortingBucketNormalizedSize: 0
  m_AdditionalShaderChannelsFlag: 0
  m_SortingLayerID: 0
  m_SortingOrder: 0
  m_TargetDisplay: 0
--- !u!224 &1714486636
RectTransform:
  m_ObjectHideFlags: 0
  m_CorrespondingSourceObject: {fileID: 0}
  m_PrefabInstance: {fileID: 0}
  m_PrefabAsset: {fileID: 0}
  m_GameObject: {fileID: 1714486632}
  m_LocalRotation: {x: 0, y: 0, z: 0, w: 1}
  m_LocalPosition: {x: 0, y: 0, z: 0}
  m_LocalScale: {x: 0, y: 0, z: 0}
  m_Children:
  - {fileID: 887906472}
  - {fileID: 1530420583}
  - {fileID: 1087822321}
  - {fileID: 885469389}
  - {fileID: 932699446}
  m_Father: {fileID: 0}
  m_RootOrder: 2
  m_LocalEulerAnglesHint: {x: 0, y: 0, z: 0}
  m_AnchorMin: {x: 0, y: 0}
  m_AnchorMax: {x: 0, y: 0}
  m_AnchoredPosition: {x: 0, y: 0}
  m_SizeDelta: {x: 0, y: 0}
  m_Pivot: {x: 0, y: 0}
--- !u!1001 &866553045150307666
PrefabInstance:
  m_ObjectHideFlags: 0
  serializedVersion: 2
  m_Modification:
    m_TransformParent: {fileID: 1714486636}
    m_Modifications:
    - target: {fileID: 866553044098174104, guid: 14d0498fdf35e1d42add099d1c90f1ef,
        type: 3}
      propertyPath: m_OnClick.m_PersistentCalls.m_Calls.Array.data[0].m_Target
      value: 
      objectReference: {fileID: 1087822320}
    - target: {fileID: 866553044098174104, guid: 14d0498fdf35e1d42add099d1c90f1ef,
        type: 3}
      propertyPath: m_OnClick.m_PersistentCalls.m_Calls.Array.data[2].m_Target
      value: 
      objectReference: {fileID: 897803241}
    - target: {fileID: 866553044098174104, guid: 14d0498fdf35e1d42add099d1c90f1ef,
        type: 3}
      propertyPath: m_OnClick.m_PersistentCalls.m_Calls.Array.data[2].m_Arguments.m_ObjectArgument
      value: 
      objectReference: {fileID: 339018992}
    - target: {fileID: 866553044426278964, guid: 14d0498fdf35e1d42add099d1c90f1ef,
        type: 3}
      propertyPath: m_Name
      value: MainMenu
      objectReference: {fileID: 0}
    - target: {fileID: 866553044426278965, guid: 14d0498fdf35e1d42add099d1c90f1ef,
        type: 3}
      propertyPath: m_LocalPosition.x
      value: 0
      objectReference: {fileID: 0}
    - target: {fileID: 866553044426278965, guid: 14d0498fdf35e1d42add099d1c90f1ef,
        type: 3}
      propertyPath: m_LocalPosition.y
      value: 0
      objectReference: {fileID: 0}
    - target: {fileID: 866553044426278965, guid: 14d0498fdf35e1d42add099d1c90f1ef,
        type: 3}
      propertyPath: m_LocalPosition.z
      value: 0
      objectReference: {fileID: 0}
    - target: {fileID: 866553044426278965, guid: 14d0498fdf35e1d42add099d1c90f1ef,
        type: 3}
      propertyPath: m_LocalRotation.x
      value: 0
      objectReference: {fileID: 0}
    - target: {fileID: 866553044426278965, guid: 14d0498fdf35e1d42add099d1c90f1ef,
        type: 3}
      propertyPath: m_LocalRotation.y
      value: 0
      objectReference: {fileID: 0}
    - target: {fileID: 866553044426278965, guid: 14d0498fdf35e1d42add099d1c90f1ef,
        type: 3}
      propertyPath: m_LocalRotation.z
      value: 0
      objectReference: {fileID: 0}
    - target: {fileID: 866553044426278965, guid: 14d0498fdf35e1d42add099d1c90f1ef,
        type: 3}
      propertyPath: m_LocalRotation.w
      value: 1
      objectReference: {fileID: 0}
    - target: {fileID: 866553044426278965, guid: 14d0498fdf35e1d42add099d1c90f1ef,
        type: 3}
      propertyPath: m_RootOrder
      value: 1
      objectReference: {fileID: 0}
    - target: {fileID: 866553044426278965, guid: 14d0498fdf35e1d42add099d1c90f1ef,
        type: 3}
      propertyPath: m_LocalEulerAnglesHint.x
      value: 0
      objectReference: {fileID: 0}
    - target: {fileID: 866553044426278965, guid: 14d0498fdf35e1d42add099d1c90f1ef,
        type: 3}
      propertyPath: m_LocalEulerAnglesHint.y
      value: 0
      objectReference: {fileID: 0}
    - target: {fileID: 866553044426278965, guid: 14d0498fdf35e1d42add099d1c90f1ef,
        type: 3}
      propertyPath: m_LocalEulerAnglesHint.z
      value: 0
      objectReference: {fileID: 0}
    - target: {fileID: 866553044426278965, guid: 14d0498fdf35e1d42add099d1c90f1ef,
        type: 3}
      propertyPath: m_AnchoredPosition.x
      value: 2.08
      objectReference: {fileID: 0}
    - target: {fileID: 866553044426278965, guid: 14d0498fdf35e1d42add099d1c90f1ef,
        type: 3}
      propertyPath: m_AnchoredPosition.y
      value: -51.12
      objectReference: {fileID: 0}
    - target: {fileID: 866553044426278965, guid: 14d0498fdf35e1d42add099d1c90f1ef,
        type: 3}
      propertyPath: m_SizeDelta.x
      value: 211.28146
      objectReference: {fileID: 0}
    - target: {fileID: 866553044426278965, guid: 14d0498fdf35e1d42add099d1c90f1ef,
        type: 3}
      propertyPath: m_SizeDelta.y
      value: 202.2398
      objectReference: {fileID: 0}
    - target: {fileID: 866553044426278965, guid: 14d0498fdf35e1d42add099d1c90f1ef,
        type: 3}
      propertyPath: m_AnchorMin.x
      value: 0.5
      objectReference: {fileID: 0}
    - target: {fileID: 866553044426278965, guid: 14d0498fdf35e1d42add099d1c90f1ef,
        type: 3}
      propertyPath: m_AnchorMin.y
      value: 0.5
      objectReference: {fileID: 0}
    - target: {fileID: 866553044426278965, guid: 14d0498fdf35e1d42add099d1c90f1ef,
        type: 3}
      propertyPath: m_AnchorMax.x
      value: 0.5
      objectReference: {fileID: 0}
    - target: {fileID: 866553044426278965, guid: 14d0498fdf35e1d42add099d1c90f1ef,
        type: 3}
      propertyPath: m_AnchorMax.y
      value: 0.5
      objectReference: {fileID: 0}
    - target: {fileID: 866553044426278965, guid: 14d0498fdf35e1d42add099d1c90f1ef,
        type: 3}
      propertyPath: m_Pivot.x
      value: 0.5
      objectReference: {fileID: 0}
    - target: {fileID: 866553044426278965, guid: 14d0498fdf35e1d42add099d1c90f1ef,
        type: 3}
      propertyPath: m_Pivot.y
      value: 0.5
      objectReference: {fileID: 0}
    - target: {fileID: 866553045266156601, guid: 14d0498fdf35e1d42add099d1c90f1ef,
        type: 3}
      propertyPath: m_OnClick.m_PersistentCalls.m_Calls.Array.data[0].m_Target
      value: 
      objectReference: {fileID: 897803241}
    - target: {fileID: 866553046143909634, guid: 14d0498fdf35e1d42add099d1c90f1ef,
        type: 3}
      propertyPath: m_OnClick.m_PersistentCalls.m_Calls.Array.data[0].m_Target
      value: 
      objectReference: {fileID: 897803241}
    m_RemovedComponents: []
  m_SourcePrefab: {fileID: 100100000, guid: 14d0498fdf35e1d42add099d1c90f1ef, type: 3}
--- !u!1001 &1579524563533758504
PrefabInstance:
  m_ObjectHideFlags: 0
  serializedVersion: 2
  m_Modification:
    m_TransformParent: {fileID: 1714486636}
    m_Modifications:
    - target: {fileID: 1579524562464922072, guid: 6aca1b19d9c23294f9648c2f30460803,
        type: 3}
      propertyPath: m_Name
      value: OptionsMenu
      objectReference: {fileID: 0}
    - target: {fileID: 1579524562464922073, guid: 6aca1b19d9c23294f9648c2f30460803,
        type: 3}
      propertyPath: m_LocalPosition.x
      value: 0
      objectReference: {fileID: 0}
    - target: {fileID: 1579524562464922073, guid: 6aca1b19d9c23294f9648c2f30460803,
        type: 3}
      propertyPath: m_LocalPosition.y
      value: 0
      objectReference: {fileID: 0}
    - target: {fileID: 1579524562464922073, guid: 6aca1b19d9c23294f9648c2f30460803,
        type: 3}
      propertyPath: m_LocalPosition.z
      value: 0
      objectReference: {fileID: 0}
    - target: {fileID: 1579524562464922073, guid: 6aca1b19d9c23294f9648c2f30460803,
        type: 3}
      propertyPath: m_LocalRotation.x
      value: 0
      objectReference: {fileID: 0}
    - target: {fileID: 1579524562464922073, guid: 6aca1b19d9c23294f9648c2f30460803,
        type: 3}
      propertyPath: m_LocalRotation.y
      value: 0
      objectReference: {fileID: 0}
    - target: {fileID: 1579524562464922073, guid: 6aca1b19d9c23294f9648c2f30460803,
        type: 3}
      propertyPath: m_LocalRotation.z
      value: 0
      objectReference: {fileID: 0}
    - target: {fileID: 1579524562464922073, guid: 6aca1b19d9c23294f9648c2f30460803,
        type: 3}
      propertyPath: m_LocalRotation.w
      value: 1
      objectReference: {fileID: 0}
    - target: {fileID: 1579524562464922073, guid: 6aca1b19d9c23294f9648c2f30460803,
        type: 3}
      propertyPath: m_RootOrder
      value: 2
      objectReference: {fileID: 0}
    - target: {fileID: 1579524562464922073, guid: 6aca1b19d9c23294f9648c2f30460803,
        type: 3}
      propertyPath: m_LocalEulerAnglesHint.x
      value: 0
      objectReference: {fileID: 0}
    - target: {fileID: 1579524562464922073, guid: 6aca1b19d9c23294f9648c2f30460803,
        type: 3}
      propertyPath: m_LocalEulerAnglesHint.y
      value: 0
      objectReference: {fileID: 0}
    - target: {fileID: 1579524562464922073, guid: 6aca1b19d9c23294f9648c2f30460803,
        type: 3}
      propertyPath: m_LocalEulerAnglesHint.z
      value: 0
      objectReference: {fileID: 0}
    - target: {fileID: 1579524562464922073, guid: 6aca1b19d9c23294f9648c2f30460803,
        type: 3}
      propertyPath: m_AnchoredPosition.x
      value: 2.08
      objectReference: {fileID: 0}
    - target: {fileID: 1579524562464922073, guid: 6aca1b19d9c23294f9648c2f30460803,
        type: 3}
      propertyPath: m_AnchoredPosition.y
      value: -51.12
      objectReference: {fileID: 0}
    - target: {fileID: 1579524562464922073, guid: 6aca1b19d9c23294f9648c2f30460803,
        type: 3}
      propertyPath: m_SizeDelta.x
      value: 211.28146
      objectReference: {fileID: 0}
    - target: {fileID: 1579524562464922073, guid: 6aca1b19d9c23294f9648c2f30460803,
        type: 3}
      propertyPath: m_SizeDelta.y
      value: 202.2398
      objectReference: {fileID: 0}
    - target: {fileID: 1579524562464922073, guid: 6aca1b19d9c23294f9648c2f30460803,
        type: 3}
      propertyPath: m_AnchorMin.x
      value: 0.5
      objectReference: {fileID: 0}
    - target: {fileID: 1579524562464922073, guid: 6aca1b19d9c23294f9648c2f30460803,
        type: 3}
      propertyPath: m_AnchorMin.y
      value: 0.5
      objectReference: {fileID: 0}
    - target: {fileID: 1579524562464922073, guid: 6aca1b19d9c23294f9648c2f30460803,
        type: 3}
      propertyPath: m_AnchorMax.x
      value: 0.5
      objectReference: {fileID: 0}
    - target: {fileID: 1579524562464922073, guid: 6aca1b19d9c23294f9648c2f30460803,
        type: 3}
      propertyPath: m_AnchorMax.y
      value: 0.5
      objectReference: {fileID: 0}
    - target: {fileID: 1579524562464922073, guid: 6aca1b19d9c23294f9648c2f30460803,
        type: 3}
      propertyPath: m_Pivot.x
      value: 0.5
      objectReference: {fileID: 0}
    - target: {fileID: 1579524562464922073, guid: 6aca1b19d9c23294f9648c2f30460803,
        type: 3}
      propertyPath: m_Pivot.y
      value: 0.5
      objectReference: {fileID: 0}
    - target: {fileID: 1579524563867927770, guid: 6aca1b19d9c23294f9648c2f30460803,
        type: 3}
      propertyPath: m_OnClick.m_PersistentCalls.m_Calls.Array.data[1].m_Target
      value: 
      objectReference: {fileID: 1530420582}
    - target: {fileID: 1579524563867927770, guid: 6aca1b19d9c23294f9648c2f30460803,
        type: 3}
      propertyPath: m_OnClick.m_PersistentCalls.m_Calls.Array.data[2].m_Target
      value: 
      objectReference: {fileID: 897803241}
    - target: {fileID: 1579524563867927770, guid: 6aca1b19d9c23294f9648c2f30460803,
        type: 3}
      propertyPath: m_OnClick.m_PersistentCalls.m_Calls.Array.data[2].m_Arguments.m_ObjectArgument
      value: 
      objectReference: {fileID: 153672041}
    m_RemovedComponents: []
  m_SourcePrefab: {fileID: 100100000, guid: 6aca1b19d9c23294f9648c2f30460803, type: 3}
